 Dungeon Sprint DCSS version 0.17-a0-2109-g117576f (webtiles) character file.

22557 Kidiri the Unseen (level 12, 0/51 HPs)
             Began as a Spriggan Enchanter on Oct 19, 2015.
             Was the Champion of Dithmenos.
             Slain by an anaconda (14 damage)
             ... in the Dungeon (Sprint III: "The Ten Rune Challenge").
             The game lasted 00:19:20 (3482 turns).

Kidiri the Unseen (Spriggan Enchanter)              Turns: 3482, Time: 00:19:20

Health: 0/51       AC:  3    Str:  6    XL:     12   Next: 64%
Magic:  23/31      EV: 31    Int: 19    God:    Dithmenos [******]
Gold:   30         SH:  0    Dex: 19    Spells: 10 memorised, 6 levels left

rFire  . . .     SeeInvis +     o - +3 dagger
rCold  + . .     Clarity  .     b - +1 robe
rNeg   . . .     SustAt   .     (shield restricted)
rPois  .         Gourm    .     (helmet restricted)
rElec  +         Spirit   .     (no cloak)
rCorr  .         Warding  .     (gloves unavailable)
rMut   .         NoTele   +     (boots unavailable)
MR     ++...                    (no amulet)
Stlth  ++++++++++               (no ring)
                                (no ring)

@: wreathed by umbra, constricted, very quick, very resistant to hostile
enchantments, uncannily stealthy
A: unfitting armour, see invisible, cold resistance 1, herbivore 3, speed 3,
electricity resistance, slow metabolism 2, strong 1
a: Shadow Step, Shadow Form, Renounce Religion


You were in the Dungeon.
You worshipped Dithmenos.
Dithmenos was exalted by your worship.
You were not hungry.

You visited 1 branch You collected 30 gold pieces.

Inventory:

Hand Weapons
 o - a +3 dagger (weapon)
Missiles
 v - 10 throwing nets (quivered)
Armour
 b - a +1 robe (worn)
Wands
 l - a wand of digging (8)
Scrolls
 j - a scroll of blinking
 k - 2 scrolls of remove curse
 m - a scroll of torment
 n - a scroll of fear {unknown}
 r - a scroll of holy word {unknown}
 s - a scroll of amnesia {unknown}
Potions
 a - a potion of berserk rage
 c - a potion of might
 e - 2 potions of curing
 f - a potion of heal wounds
 g - a potion of haste
 h - 3 potions of magic
 q - 4 potions of cure mutation
 t - a potion of flight
 u - a potion of lignification {unknown}
Books
 i - a book of the Sky

   Spells                             Type                      Level
   a - Summon Lightning Spire         Summoning/Air                4
   b - Airstrike                      Air                          4
   c - Silence                        Hexes/Air                    5
   d - Deflect Missiles               Charms/Air                   6
   e - Conjure Ball Lightning         Conjuration/Air              6
   f - Tornado                        Air                          9
Comestibles
 d - a bread ration
 p - 21 royal jellies
 w - 6 fruits


   Skills:
 * Level 13.6 Short Blades
 + Level 6.9 Armour
 * Level 17.0 Dodging
 * Level 18.6 Stealth
 * Level 14.6 Spellcasting
 + Level 5.8 Conjurations
 + Level 11.3 Hexes
 + Level 5.5 Summonings
 + Level 10.2 Transmutations
 + Level 6.5 Ice Magic
 + Level 6.7 Air Magic
 + Level 7.1 Earth Magic
 - Level 4.2 Invocations


You had 6 spell levels left.
You knew the following spells:

 Your Spells              Type           Power        Failure   Level  Hunger
a - Corona                Hex            ######.      1%          1    None
b - Ensorcelled Hibernat  Hex/Ice        #####.       1%          2    None
c - Confuse               Hex            ######..     1%          3    None
d - Tukima's Dance        Hex            ######..     1%          3    None
e - Dazzling Spray        Conj/Hex       #####...     1%          3    None
f - Condensation Shield   Ice            #####.....   3%          4    None
g - Petrify               Trmt/Erth      #####...     1%          4    None
h - Airstrike             Air            #####.....   3%          4    None
i - Summon Lightning Spi  Summ/Air       #####...     4%          4    None
j - Conjure Ball Lightni  Conj/Air       #####.....   67%         6    #####..


Dungeon Overview and Level Annotations

Branches:
Dungeon (1/1)

Altars:
Cheibriados
Dithmenos
Elyvilon
Fedhas
Gozag
Kikubaaqudgha
Makhleb
Nemelex Xobeh
Okawaru
Qazlal
Ru
Sif Muna
Trog
Vehumet
Xom
Yredelemnul
Zin
The Shining One
Jiyva
Lugonu

Shops:
D :(?


Innate Abilities, Weirdness & Mutations

You are tiny and cannot use many weapons and most armour.
You have supernaturally acute eyesight.
You are a herbivore.
You cover ground extremely quickly.
You need consume almost no food.
Your flesh is cold resistant.
You are resistant to electric shocks.
Your muscles are strong. (Str +2)


Message History

Press: ? - help, Shift-Dir - straight line, f/p - anaconda
Aim: an anaconda (umbra, chance to defeat MR: 53%)
The anaconda resists with some effort.
The anaconda completely misses you. The anaconda barely misses you. x2
The anaconda completely misses you.
Casting: Ensorcelled Hibernation
Confirm with . or Enter, or press ? or * to list all spells.
Aiming: Petrify
Press: ? - help, Shift-Dir - straight line, f/p - anaconda
Aim: an anaconda (umbra, chance to defeat MR: 53%)
The anaconda resists with significant effort.
Your shadow mimicks your spell!
The anaconda easily resists.
The anaconda misses you. The anaconda bites you!
You emit a cloud of dark smoke.
The anaconda grabs you. The anaconda closely misses you.
* * * LOW HITPOINT WARNING * * *
The anaconda constricts you.
Your attempt to break free from the anaconda fails, but you feel that another attempt might succeed.
The anaconda bites you!
You die...

+≈≈≈≈≈.≈≈≈♣♣.....♣♣♣♣≈≈≈..
#≈≈≈§§..≈≈♣♣.≈≈≈≈+♣♣'♣≈≈≈≈
#≈≈.§§≈≈≈.%'%...%#.≈♣♣♣♣♣♣
#.≈.§§§.≈≈♣♣♣♣♣♣♣#..♣♣
#≈≈≈≈≈≈≈..♣ ###+♣♣♣♣♣
#+####+#######♣ ♣♣♣♣.##..#
...........)...♣♣
♣...##.##.
#+#############'♣
♣♣.##%##.# #≈P....SS@§§.♣
♣..#%##..
.+≈≈...########♣♣
♣♣.##.##.
JJ.#≈≈≈.....S..%PP♣
♣♣.##.###
JJ.#≈≈≈≈P..PP..%%P♣
♣.....##. +#
###########÷#############+
#...........###.
#.........%..##♣
###########..# ♣
#....SS§S§§.# ♣


You could see 2 anacondas.

Vanquished Creatures
  Rupert (D)
  Maud (D)
  A fire dragon (D)
  2 hydras (D)
  Erolcha (D)
  5 anacondas (D)
  4 death yaks (D)
  A death drake (D)
  A spriggan druid (D)
  A lindwurm (D)
  3 black mambas (D)
  2 spiny frogs (D)
  A komodo dragon (D)
  3 fire drakes (D)
  A deep elf priest (D)
  A queen bee (D)
  3 wandering mushrooms (D)
  8 blink frogs (D)
  2 trapdoor spiders (D)
  4 redbacks (D)
  A shadow (D)
  2 spriggans (D)
  2 water moccasins (D)
  A hill giant (D)
  A spatial vortex (D)
  A swamp drake (D)
  A necrophage (D)
  A two-headed ogre (D)
  2 brain worms (D)
  A water elemental (D)
  A scorpion (D)
  32 killer bees (D)
  A jelly (D)
  An electric eel (D)
  A necromancer (D)
  A wizard (D)
  A kobold demonologist (D)
  3 humans (D)
  An adder (D)
  4 rats (D)
105 creatures vanquished.

Vanquished Creatures (collateral kills)
  A hill giant (D)
  2 two-headed ogres (D)
3 creatures vanquished.

Vanquished Creatures (others)
  2 draconian scorchers (D)
  2 yaktaurs (D)
  3 plants (D)
7 creatures vanquished.

Grand Total: 115 creatures vanquished

Notes
Turn   | Place    | Note
--------------------------------------------------------------
     0 | D        | Kidiri the Spriggan Enchanter began the quest for the Orb.
     0 | D        | Reached XP level 1. HP: 9/9 MP: 5/5
    48 | D        | Noticed a scorpion
    51 | D        | Killed a scorpion
    51 | D        | Reached skill level 1 in Armour
    51 | D        | Reached skill level 5 in Dodging
    51 | D        | Reached skill level 6 in Stealth
    51 | D        | Reached XP level 2. HP: 13/13 MP: 6/8
    51 | D        | Reached XP level 3. HP: 16/16 MP: 6/9
    72 | D        | Learned a level 2 spell: Ensorcelled Hibernation
    76 | D        | Learned a level 3 spell: Confuse
    80 | D        | Learned a level 3 spell: Dazzling Spray
   127 | D        | Gained mutation: You tend to lose your temper in combat. [potion of mutation]
   127 | D        | Lost mutation: You tend to lose your temper in combat. [potion of mutation]
   127 | D        | Gained mutation: Your muscles are strong. (Str +2) [potion of mutation]
   128 | D        | Gained mutation: You are resistant to electric shocks. [potion of mutation]
   128 | D        | Gained mutation: Your flesh is cold resistant. [potion of mutation]
   145 | D        | Noticed a water elemental
   148 | D        | Killed a water elemental
   148 | D        | Reached skill level 8 in Stealth
   148 | D        | Reached skill level 5 in Spellcasting
   148 | D        | Reached skill level 5 in Hexes
   148 | D        | Reached XP level 4. HP: 21/21 MP: 10/12
   167 | D        | Noticed a jelly
   168 | D        | Noticed a shadow
   195 | D        | Killed a shadow
   195 | D        | Reached skill level 9 in Stealth
   195 | D        | Reached XP level 5. HP: 24/24 MP: 2/15
   195 | D        | Reached XP level 6. HP: 28/28 MP: 2/17
   204 | D        | Learned a level 3 spell: Tukima's Dance
   205 | D        | Killed a white draconian scorcher
   219 | D        | Killed a yaktaur
   223 | D        | Killed a white draconian scorcher
   314 | D        | Killed a jelly
   314 | D        | Reached skill level 10 in Stealth
   582 | D        | Found a stormy altar of Qazlal.
   583 | D        | Found a sacrificial altar of Ru.
   583 | D        | Found a burning altar of Makhleb.
   583 | D        | Found a viscous altar of Jiyva.
   583 | D        | Found a shimmering altar of Xom.
   583 | D        | Found a shadowy altar of Dithmenos.
   583 | D        | Found a sparkling altar of Nemelex Xobeh.
   583 | D        | Found a corrupted altar of Lugonu.
   583 | D        | Found an opulent altar of Gozag.
   583 | D        | Noticed a spatial vortex
   585 | D        | Killed a spatial vortex
   588 | D        | Became a worshipper of Dithmenos the Shadowed
   590 | D        | Killed a yaktaur
   613 | D        | Found a radiant altar of Vehumet.
   614 | D        | Found a deep blue altar of Sif Muna.
   614 | D        | Found an ancient bone altar of Kikubaaqudgha.
   614 | D        | Noticed a wizard
   615 | D        | Killed a wizard
   636 | D        | Learned a level 4 spell: Condensation Shield
   641 | D        | Learned a level 4 spell: Petrify
   653 | D        | Found a glowing silver altar of Zin.
   654 | D        | Found a glowing golden altar of the Shining One.
   654 | D        | Found a white marble altar of Elyvilon.
   654 | D        | Noticed a deep elf priest
   662 | D        | Killed a deep elf priest
   662 | D        | Reached * piety under Dithmenos
   662 | D        | Reached skill level 10 in Dodging
   662 | D        | Reached skill level 11 in Stealth
   662 | D        | Reached skill level 1 in Conjurations
   662 | D        | Reached skill level 1 in Transmutations
   662 | D        | Reached skill level 1 in Ice Magic
   662 | D        | Reached skill level 1 in Earth Magic
   662 | D        | Reached skill level 1 in Invocations
   662 | D        | Reached XP level 7. HP: 9/32 MP: 11/20
   959 | D        | Found an iron altar of Okawaru.
   960 | D        | Found a bloodstained altar of Trog.
   960 | D        | Noticed a human
   960 | D        | Noticed a human
   962 | D        | Killed a human
   963 | D        | Killed a human
   963 | D        | Reached skill level 12 in Stealth
   980 | D        | Found a snail-covered altar of Cheibriados.
   980 | D        | Noticed a necrophage
   981 | D        | Found a basalt altar of Yredelemnul.
   981 | D        | Found a blossoming altar of Fedhas.
   981 | D        | Noticed a necromancer
   982 | D        | Killed a necrophage
   982 | D        | Reached ** piety under Dithmenos
   982 | D        | Reached XP level 8. HP: 36/36 MP: 22/22
   983 | D        | Killed a necromancer
  1002 | D        | Noticed a two-headed ogre
  1002 | D        | Noticed a two-headed ogre
  1008 | D        | Killed a two-headed ogre
  1009 | D        | Noticed a two-headed ogre
  1013 | D        | Killed a two-headed ogre
  1013 | D        | Killed a two-headed ogre
  1013 | D        | Reached *** piety under Dithmenos
  1120 | D        | Learned a level 4 spell: Airstrike
  1121 | D        | Noticed a hill giant
  1134 | D        | Killed a hill giant
  1348 | D        | Noticed a hill giant
  1348 | D        | Noticed Erolcha
  1350 | D        | Killed Erolcha
  1350 | D        | Reached skill level 13 in Stealth
  1350 | D        | Reached skill level 10 in Spellcasting
  1350 | D        | Reached skill level 1 in Air Magic
  1350 | D        | Reached XP level 9. HP: 39/39 MP: 22/24
  1351 | D        | Killed a hill giant
  1359 | D        | Noticed a redback
  1370 | D        | Killed a redback
  1370 | D        | Reached **** piety under Dithmenos
  1390 | D        | Noticed a trapdoor spider
  1391 | D        | Killed a trapdoor spider
  1391 | D        | Reached skill level 5 in Transmutations
  1401 | D        | Noticed a trapdoor spider
  1402 | D        | Killed a trapdoor spider
  1450 | D        | Noticed a queen bee
  1450 | D        | Noticed a killer bee
  1450 | D        | Noticed a killer bee
  1450 | D        | Noticed a killer bee
  1450 | D        | Noticed a killer bee
  1450 | D        | Noticed a killer bee
  1450 | D        | Noticed a killer bee
  1450 | D        | Noticed a killer bee
  1450 | D        | Noticed a killer bee
  1450 | D        | Noticed a killer bee
  1450 | D        | Noticed a killer bee
  1450 | D        | Noticed a killer bee
  1450 | D        | Noticed a killer bee
  1450 | D        | Noticed a killer bee
  1450 | D        | Noticed a killer bee
  1451 | D        | Noticed a killer bee
  1451 | D        | Noticed a killer bee
  1451 | D        | Noticed a killer bee
  1451 | D        | Noticed a killer bee
  1451 | D        | Noticed a killer bee
  1451 | D        | Noticed a killer bee
  1451 | D        | Noticed a killer bee
  1451 | D        | Noticed a killer bee
  1451 | D        | Noticed a killer bee
  1451 | D        | Noticed a killer bee
  1451 | D        | Noticed a killer bee
  1451 | D        | Noticed a killer bee
  1451 | D        | Noticed a killer bee
  1451 | D        | Noticed a killer bee
  1451 | D        | Noticed a killer bee
  1451 | D        | Noticed a killer bee
  1451 | D        | Noticed a killer bee
  1451 | D        | Noticed a killer bee
  1452 | D        | Killed a killer bee
  1453 | D        | Killed a queen bee
  1460 | D        | Killed a killer bee
  1460 | D        | Reached ***** piety under Dithmenos
  1463 | D        | Killed a killer bee
  1465 | D        | Killed a killer bee
  1465 | D        | Reached skill level 14 in Stealth
  1469 | D        | Killed a killer bee
  1471 | D        | Killed a killer bee
  1473 | D        | Killed a killer bee
  1475 | D        | Killed a killer bee
  1479 | D        | Killed a killer bee
  1482 | D        | Killed a killer bee
  1614 | D        | Learned a level 4 spell: Summon Lightning Spire
  1626 | D        | Killed a killer bee
  1626 | D        | Reached skill level 10 in Short Blades
  1628 | D        | Killed a killer bee
  1630 | D        | Killed a killer bee
  1638 | D        | Killed a killer bee
  1644 | D        | Killed a killer bee
  1644 | D        | Reached ****** piety under Dithmenos
  1646 | D        | Killed a killer bee
  1654 | D        | Killed a killer bee
  1661 | D        | Killed a killer bee
  1674 | D        | Killed a killer bee
  1810 | D        | Killed a killer bee
  1812 | D        | Killed a killer bee
  1814 | D        | Killed a killer bee
  1816 | D        | Killed a killer bee
  1816 | D        | Reached skill level 1 in Summonings
  1819 | D        | Killed a killer bee
  1821 | D        | Killed a killer bee
  1821 | D        | Reached XP level 10. HP: 44/44 MP: 9/26
  1823 | D        | Killed a killer bee
  1825 | D        | Killed a killer bee
  1827 | D        | Killed a killer bee
  1855 | D        | Killed a killer bee
  1957 | D        | Killed a killer bee
  1966 | D        | Killed a killer bee
  1973 | D        | Killed a killer bee
  2045 | D        | Noticed a wandering mushroom
  2046 | D        | Noticed a wandering mushroom
  2046 | D        | Noticed a wandering mushroom
  2049 | D        | Killed a wandering mushroom
  2058 | D        | Killed a wandering mushroom
  2058 | D        | Reached skill level 5 in Armour
  2136 | D        | Killed a wandering mushroom
  2380 | D        | Noticed a spiny frog
  2380 | D        | Noticed a komodo dragon
  2380 | D        | Noticed a spiny frog
  2382 | D        | Killed a spiny frog
  2384 | D        | Killed a spiny frog
  2384 | D        | Reached skill level 15 in Stealth
  2386 | D        | Killed a komodo dragon
  2415 | D        | Noticed a redback
  2417 | D        | Killed a redback
  2418 | D        | Noticed a brain worm
  2421 | D        | Killed a brain worm
  2431 | D        | Noticed a brain worm
  2433 | D        | Killed a brain worm
  2439 | D        | Noticed a lindwurm
  2441 | D        | Noticed a redback
  2442 | D        | Killed a lindwurm
  2444 | D        | Killed a redback
  2450 | D        | Noticed a redback
  2451 | D        | Killed a redback
  2452 | D        | Noticed Maud
  2454 | D        | Killed Maud
  2454 | D        | Reached skill level 5 in Earth Magic
  2454 | D        | Reached XP level 11. HP: 47/47 MP: 26/28
  2464 | D        | Learned a level 6 spell: Conjure Ball Lightning
  2565 | D        | Noticed an electric eel
  2567 | D        | Noticed a four-headed hydra
  2567 | D        | Noticed an eight-headed hydra
  2570 | D        | Killed an electric eel
  2590 | D        | Killed an eight-headed hydra
  2600 | D        | Killed a four-headed hydra
  2600 | D        | Reached skill level 16 in Stealth
  2600 | D        | Reached skill level 5 in Ice Magic
  2729 | D        | Noticed a death drake
  2732 | D        | Killed a death drake
  2732 | D        | Reached skill level 5 in Air Magic
  2739 | D        | Found a blossoming altar of Fedhas.
  2739 | D        | Noticed a spriggan
  2739 | D        | Noticed a spriggan druid
  2739 | D        | Noticed a spriggan
  2741 | D        | Killed a spriggan druid
  2741 | D        | Reached skill level 15 in Dodging
  2741 | D        | Reached skill level 10 in Hexes
  2742 | D        | Killed a spriggan
  2743 | D        | Killed a spriggan
  2764 | D        | Noticed a fire dragon
  2768 | D        | Killed a fire dragon
  2771 | D        | Noticed a fire drake
  2773 | D        | Killed a fire drake
  2786 | D        | Noticed a fire drake
  2787 | D        | Found Qiat's Book Emporium.
  2787 | D        | Found Waariec's Antique Weapon Shop.
  2789 | D        | Killed a fire drake
  2810 | D        | Found Xosol's Magic Scroll Shoppe.
  2859 | D        | Noticed a swamp drake
  2859 | D        | Noticed a fire drake
  2860 | D        | Killed a fire drake
  2862 | D        | Killed a swamp drake
  2870 | D        | Noticed a blink frog
  2870 | D        | Noticed a blink frog
  2872 | D        | Noticed a blink frog
  2872 | D        | Noticed a blink frog
  2919 | D        | Noticed a blink frog
  2920 | D        | Killed a blink frog
  2925 | D        | Killed a blink frog
  2955 | D        | Killed a blink frog
  2959 | D        | Killed a blink frog
  2961 | D        | Killed a blink frog
  2961 | D        | Reached skill level 17 in Stealth
  3028 | D        | Noticed Rupert
  3030 | D        | Killed Rupert
  3030 | D        | Reached skill level 5 in Conjurations
  3070 | D        | Noticed a death yak
  3071 | D        | Noticed a death yak
  3071 | D        | Noticed a blink frog
  3072 | D        | Noticed an azure jelly
  3072 | D        | Noticed a death yak
  3072 | D        | Noticed an azure jelly
  3072 | D        | Noticed a blink frog
  3072 | D        | Noticed a death yak
  3073 | D        | Killed a death yak
  3073 | D        | Reached XP level 12. HP: 51/51 MP: 25/30
  3076 | D        | Noticed a blink frog
  3080 | D        | Killed a blink frog
  3085 | D        | Killed a blink frog
  3088 | D        | Killed a death yak
  3090 | D        | Killed a death yak
  3093 | D        | Killed a blink frog
  3248 | D        | Killed a death yak
  3248 | D        | Reached skill level 5 in Summonings
  3252 | D        | Noticed an azure jelly
  3252 | D        | Noticed an azure jelly
  3254 | D        | Noticed a black mamba
  3255 | D        | Noticed a black mamba
  3257 | D        | Killed a black mamba
  3258 | D        | Killed a black mamba
  3258 | D        | Reached skill level 18 in Stealth
  3320 | D        | Noticed a water moccasin
  3321 | D        | Noticed an anaconda
  3321 | D        | Noticed an anaconda
  3322 | D        | Killed a water moccasin
  3323 | D        | Killed an anaconda
  3324 | D        | Noticed a black mamba
  3336 | D        | Killed an anaconda
  3431 | D        | Killed a black mamba
  3431 | D        | Reached skill level 10 in Transmutations
  3449 | D        | Noticed an anaconda
  3449 | D        | Noticed a water moccasin
  3449 | D        | Noticed an anaconda
  3449 | D        | Noticed an anaconda
  3449 | D        | Noticed a water moccasin
  3449 | D        | Noticed an anaconda
  3449 | D        | Noticed a water moccasin
  3449 | D        | Noticed a water moccasin
  3449 | D        | Noticed an anaconda
  3451 | D        | Killed an anaconda
  3453 | D        | Killed an anaconda
  3454 | D        | Killed an anaconda
  3455 | D        | Killed a water moccasin
  3482 | D        | Slain by an anaconda

Vault maps used:
D:        dungeon_sprint_mu

Action                   |  1- 3 |  4- 6 |  7- 9 | 10-12 || total
-------------------------+-------+-------+-------+-------++-------
Melee: Dagger            |     9 |    22 |    61 |    64 ||   156
 Cast: Ensorcelled Hiber |     1 |     2 |    39 |    32 ||    74
       Dazzling Spray    |       |     6 |     2 |    23 ||    31
       Tukima's Dance    |       |     1 |     3 |       ||     4
       Confuse           |       |     1 |       |       ||     1
       Corona            |       |       |     2 |       ||     2
       Condensation Shie |       |       |     1 |     2 ||     3
       Airstrike         |       |       |     1 |       ||     1
       Petrify           |       |       |       |     2 ||     2
Invok: Shadow Step       |       |       |       |    13 ||    13
  Use: Scroll            |     3 |       |       |       ||     3
       Potion            |     2 |     1 |       |       ||     3
 Stab: Sleeping          |     6 |     3 |    33 |    45 ||    87
       Confused          |       |     1 |       |       ||     1
       Invisible         |       |       |     1 |     5 ||     6
       Petrifying        |       |       |       |     2 ||     2
  Eat: Bread ration      |       |       |       |     1 ||     1
